 Dungeon Crawl Stone Soup version 0.19.5 (webtiles) character file.

5235 greprep the Thaumaturge (level 10, -3/53 HPs)
             Began as a Deep Elf Conjurer on May 7, 2017.
             Was a Priest of Vehumet.
             Slain by an unseen horror (7 damage)
             ... on level 10 of the Dungeon.
             The game lasted 00:46:58 (13256 turns).

greprep the Thaumaturge (Deep Elf Conjurer)        Turns: 13256, Time: 00:46:58

Health: -3/53      AC: 10    Str:  9    XL:     10   Next: 35%
Magic:  24/26      EV: 19    Int: 29    God:    Vehumet [***...]
Gold:   59         SH:  0    Dex: 15    Spells: 6 memorised, 15 levels left

rFire  . . .     SeeInvis .     k - +3 dagger (drain)
rCold  . . .     Gourm    .     e - +1 robe of a sewer {+Inv MR+++ Str+4}
rNeg   . . .     Faith    .     (no shield)
rPois  .         Spirit   .     g - +2 hat
rElec  .         Reflect  .     J - +0 cloak
rCorr  .         Harm     .     (no gloves)
MR     ++++.                    q - +0 pair of boots
Stlth  +++++.....               (no amulet)
                                x - +3 ring of evasion
                                C - +3 ring of protection

@: brilliant, very slightly contaminated
A: no striking features
a: Renounce Religion, Evoke Invisibility


You were on level 10 of the Dungeon.
You worshipped Vehumet.
Vehumet was most pleased with you.
You were not hungry.

You visited 2 branches of the dungeon, and saw 13 of its levels.

You collected 483 gold pieces.
You spent 424 gold pieces at shops.

Inventory:

Hand Weapons
 k - a +3 dagger of draining (weapon)
Missiles
 r - 126 arrows
Armour
 e - the +1 robe of a sewer (worn) {+Inv MR+++ Str+4}
   (You bought it in a shop on level 5 of the Dungeon)

   It affects your strength (+4).
   It affects your resistance to hostile enchantments.
   It lets you turn invisible.
 g - a +2 hat (worn)
 q - a +0 pair of boots (worn)
 J - a +0 cloak (worn)
Jewellery
 w - an uncursed ring of fire
 x - a +3 ring of evasion (right hand)
 C - a +3 ring of protection (left hand)
Wands
 A - a wand of confusion (23/48)
 B - a wand of digging (15/24)
 H - a wand of random effects (21/48)
 L - a wand of digging (13/24)
Scrolls
 l - 2 scrolls of teleportation
 s - a scroll of recharging {unknown}
 v - 3 scrolls of fog
 y - a scroll of acquirement {unknown}
 D - a scroll of holy word {unknown}
 E - a scroll of magic mapping
 I - 3 scrolls of noise {unknown}
 K - 2 scrolls of remove curse
Potions
 c - a potion of berserk rage
 i - 3 potions of might
 m - a potion of agility
 o - 2 potions of cure mutation
 p - a potion of cancellation
 u - 3 potions of curing
 z - a potion of haste
 F - a potion of flight
 G - a potion of resistance
 M - a potion of lignification
Books
 a - a book of Misfortune

   Spells                             Type                      Level
   a - Confusing Touch                Hexes                        1
   b - Confuse                        Hexes                        3
   c - Gell's Gravitas                Hexes/Translocation          3
   d - Petrify                        Transmutation/Earth          4
   e - Metabolic Englaciation         Hexes/Ice                    5
   f - Yara's Violent Unravelling     Hexes/Transmutation          5
 b - a book of Conjurations

   Spells                             Type                      Level
   a - Magic Dart                     Conjuration                  1
   b - Searing Ray                    Conjuration                  2
   c - Dazzling Spray                 Conjuration/Hexes            3
   d - Fulminant Prism                Conjuration/Hexes            4
   e - Iskenderun's Mystic Blast      Conjuration                  4
   f - Iskenderun's Battlesphere      Conjuration/Charms           5
 h - a book of Necromancy

   Spells                             Type                      Level
   a - Pain                           Necromancy                   1
   b - Animate Skeleton               Necromancy                   1
   c - Vampiric Draining              Necromancy                   3
   d - Regeneration                   Charms/Necromancy            3
   e - Animate Dead                   Necromancy                   4
   f - Control Undead                 Necromancy                   4
 j - a book of Minor Magic

   Spells                             Type                      Level
   a - Magic Dart                     Conjuration                  1
   b - Blink                          Translocation                2
   c - Call Imp                       Summoning                    2
   d - Repel Missiles                 Charms/Air                   2
   e - Slow                           Hexes                        2
   f - Conjure Flame                  Conjuration/Fire             3
   g - Mephitic Cloud                 Conjuration/Poison/Air       3
Comestibles
 f - 7 bread rations


   Skills:
 + Level 2.2 Fighting
 + Level 2.5 Short Blades
 + Level 6.8 Dodging
 + Level 10.5 Stealth
 + Level 10.7 Spellcasting
 + Level 9.2 Conjurations
 + Level 0.3 Hexes
 + Level 1.5 Translocations
 + Level 0.2 Transmutations
 + Level 0.7 Fire Magic
 + Level 1.4 Air Magic
 + Level 1.8 Poison Magic


You had 15 spell levels left.
You knew the following spells:

 Your Spells              Type           Power        Failure   Level  Hunger
a - Magic Dart            Conj           ####         1%          1    None
b - Searing Ray           Conj           ######       1%          2    None
c - Blink                 Tloc           N/A          1%          2    None
d - Mephitic Cloud        Conj/Pois/Air  ######..     1%          3    None
e - Fulminant Prism       Conj/Hex       ######....   1%          4    None
f - Ignite Poison         Fire/Tmut/Pois #####...     1%          3    None


Dungeon Overview and Level Annotations

Branches:
Dungeon (12/15)            Temple (1/1) D:4
   Lair: D:8-11         Orc: D:9-12

Altars:
Ashenzari
Cheibriados
Dithmenos
Elyvilon
Fedhas
Gozag
Hepliaklqana
Kikubaaqudgha
Makhleb
Nemelex Xobeh
Okawaru
Qazlal
Ru
Sif Muna
Trog
Uskayaw
Vehumet
Xom
Yredelemnul
Zin
The Shining One

Shops:
D:4 *   D:5 **   D:8 *   D:9 :![?


Message History

Deactivating autopickup; reactivate with Ctrl-A.
You continue eating.
Something hits you.
You continue eating.
Something hits you.
You finish eating.
That bread ration really hit the spot!
You feel sick. Something hits you. Something hits you!
* * * LOW HITPOINT WARNING * * *
Blink to where?
Press: ? - help, Dir - move target cursor You are very lightly contaminated with residual magic.
As you read the scroll of blinking, it crumbles to dust.
Okay, then.
Casting: Searing Ray
Confirm with . or Enter, or press ? or * to list all spells.
You blink.
You feel sick.
You are no longer poisoned.
Something hits you!
You die...

#...######....#########
##...#.................
#...#####....#########
#...## #..(.#########
##.#†## ##.#....).....
#....# #.#.#########
####{# #.#.# #{# #.#.#
#@## #.#.# #..# #.#.#
##.# #.#.# #.# #.#.# #.#
#.#.# #.# #.# ##########
#.# #.# #####
#........########.###+#.#
#....
#........##.............#
#....


There were no monsters in sight!

Vanquished Creatures
  The ghost of greprep the Destroyer, a novice DECj of Vehumet (D:6)
  A spriggan (D:7)
  2 wyverns
  4 hungry ghosts
  2 orc warriors
  5 phantoms
  3 ice beasts
  An ogre (D:6)
  3 centaurs
  4 bullfrogs
  3 gnoll sergeants
  4 scorpions
  3 killer bees (D:10)
  13 wights
  A howler monkey (D:4)
  9 crimson imps
  A quasit (D:8)
  3 jellies
  A bullfrog zombie (D:8)
  A gnoll shaman (D:8)
  4 orc priests
  5 hounds
  2 bullfrog skeletons
  A centaur skeleton (D:4)
  4 orc wizards
  5 worker ants
  3 hound skeletons
  A worker ant zombie (D:6)
  2 howler monkey zombies
  20 gnolls
  17 adders
  2 shadow imps
  2 worms
  3 dart slugs
  8 leopard geckos
  25 orcs
  2 ball pythons
  12 giant cockroaches
  8 goblins
  6 hobgoblins
  20 jackals
  8 kobolds
  6 quokkas
  7 bats
  3 frilled lizards
  2 jackal skeletons
  A jackal zombie (D:5)
  A leopard gecko skeleton (D:7)
  A quokka skeleton (D:7)
  2 quokka zombies
  6 rats
  A fulminant prism (D:8)
255 creatures vanquished.

Vanquished Creatures (others)
  2 bullfrogs (D:6)
  A scorpion (D:6)
  An orc (D:6)
  3 fulminant prisms
7 creatures vanquished.

Grand Total: 262 creatures vanquished

Notes
Turn   | Place    | Note
-------+----------+-------------------------------------------
     0 | D:1      | greprep the Deep Elf Conjurer began the quest for the Orb.
     0 | D:1      | Reached XP level 1. HP: 10/10 MP: 6/6
   270 | D:1      | Reached XP level 2. HP: 15/15 MP: 6/8
   274 | D:1      | Learned a level 2 spell: Searing Ray
   339 | D:1      | Found a shattered altar of Ashenzari.
   799 | D:1      | Reached skill level 5 in Conjurations
  1174 | D:2      | Reached XP level 3. HP: 13/19 MP: 4/9
  1671 | D:2      | Reached XP level 4. HP: 24/24 MP: 11/11
  2499 | D:2      | Reached XP level 5. HP: 28/28 MP: 8/12
  4101 | D:3      | Reached skill level 1 in Short Blades
  4647 | D:4      | Found a staircase to the Ecumenical Temple.
  4667 | Temple   | Entered the Ecumenical Temple
  4744 | Temple   | Became a worshipper of Vehumet
  4996 | D:4      | Reached XP level 6. HP: 19/32 MP: 11/14
  5532 | D:4      | Reached skill level 5 in Stealth
  5731 | D:4      | Reached skill level 5 in Spellcasting
  5768 | D:4      | Found Omoes's Assorted Antiques.
  6444 | D:4      | Reached XP level 7. HP: 37/37 MP: 12/17
  6454 | D:5      | Entered Level 5 of the Dungeon
  6516 | D:5      | Learned a level 2 spell: Blink
  6520 | D:5      | Learned a level 3 spell: Mephitic Cloud
  6547 | D:5      | Found Kur Yre's Assorted Antiques.
  6573 | D:5      | Reached skill level 1 in Fighting
  7168 | D:5      | Reached * piety under Vehumet
  7168 | D:5      | Offered knowledge of Shock by Vehumet.
  7174 | D:5      | Found a sparkling altar of Nemelex Xobeh.
  7254 | D:5      | Found Cifeuf Jepn's Assorted Antiques.
  7257 | D:5      | Bought a smoking robe for 159 gold pieces
  7267 | D:5      | Identified the +1 robe of a sewer {+Inv MR+++ Str+4} (You bought it in a shop on level 5 of the Dungeon)
  7655 | D:6      | Noticed greprep's ghost (novice DECj)
  7664 | D:6      | Killed greprep's ghost
  7664 | D:6      | Reached skill level 5 in Dodging
  7664 | D:6      | Reached XP level 8. HP: 43/43 MP: 8/19
  8213 | D:6      | Learned a level 4 spell: Fulminant Prism
  9241 | D:7      | Reached XP level 9. HP: 48/48 MP: 23/23
  9256 | D:7      | Reached ** piety under Vehumet
  9256 | D:7      | Offered knowledge of Throw Flame by Vehumet.
  9442 | D:7      | Found a hazy altar of Hepliaklqana.
  9442 | D:7      | Found a glowing golden altar of the Shining One.
  9443 | D:7      | Found a sparkling altar of Nemelex Xobeh.
 10318 | D:7      | Reached skill level 10 in Spellcasting
 10540 | D:8      | Offered knowledge of Ignite Poison by Vehumet.
 10545 | D:8      | Learned a level 3 spell: Ignite Poison
 10545 | D:8      | Reached skill level 10 in Stealth
 10618 | D:8      | Found Seicaano's Assorted Antiques.
 10638 | D:8      | Bought a potion of curing for 96 gold pieces
 11027 | D:8      | Reached *** piety under Vehumet
 11200 | D:8      | Reached skill level 1 in Poison Magic
 11200 | D:8      | Reached XP level 10. HP: 53/53 MP: 22/26
 11296 | D:9      | Reached skill level 1 in Air Magic
 11406 | D:9      | Offered knowledge of Stone Arrow by Vehumet.
 11444 | D:9      | Found a hide-covered altar of Uskayaw.
 11539 | D:9      | Found Guehell's Antique Armour Shop.
 11578 | D:9      | Found Okhozox's Book Shoppe.
 11603 | D:9      | You fall through a shaft for 3 floors!
 11603 | D:12     | Noticed a four-headed hydra
 11646 | D:10     | Entered Level 10 of the Dungeon
 11659 | D:9      | Found Dythimen's Distillery.
 12080 | D:9      | Bought a potion of brilliance for 52 gold pieces
 12080 | D:9      | Bought a potion of lignification for 39 gold pieces
 12184 | D:9      | Found Ybboup's Magic Scroll Shoppe.
 12201 | D:9      | Bought a scroll of identify for 26 gold pieces
 12201 | D:9      | Bought a scroll of identify for 26 gold pieces
 12201 | D:9      | Bought a scroll of identify for 26 gold pieces
 12674 | D:10     | Reached skill level 1 in Translocations
 13256 | D:10     | Slain by an unseen horror

Skill      XL: |  1  2  3  4  5  6  7  8  9 10 |
---------------+-------------------------------+-----
Conjurations   | 5 6 7 8 9 |  9.2
Dodging        | 3 5 6 |  6.8
Stealth        | 3 4 5 6 8 10 | 10.5
Spellcasting   | 4 5 6 8 10 | 10.7
Short Blades   | 1 2 |  2.5
Fighting       | 1 2 |  2.2
Poison Magic   | 1 |  1.8
Air Magic      | 1 |  1.4
Translocations | 1 |  1.5
Hexes          | |  0.3
Transmutations | |  0.2
Fire Magic     | |  0.7

Action                   |  1- 3 |  4- 6 |  7- 9 | 10-12 || total
-------------------------+-------+-------+-------+-------++-------
Melee: Dagger            |    13 |    31 |    43 |    12 ||    99
 Cast: Magic Dart        |    34 |    49 |   112 |    19 ||   214
       Searing Ray       |     4 |    38 |    55 |    16 ||   113
       Mephitic Cloud    |       |       |     8 |    15 ||    23
       Blink             |       |       |     2 |     6 ||     8
       Fulminant Prism   |       |       |     3 |       ||     3
       Ignite Poison     |       |       |       |     7 ||     7
  Use: Scroll            |       |    15 |     8 |     5 ||    28
       Potion            |       |       |       |     3 ||     3
 Stab: Sleeping          |     8 |     9 |    20 |     5 ||    42
       Confused          |       |       |     5 |       ||     5
  Eat: Bread ration      |     1 |     1 |       |     1 ||     3
       Meat ration       |       |     2 |     2 |     1 ||     5
       Royal jelly       |       |       |     1 |     1 ||     2
       Chunk             |       |       |     2 |       ||     2
       Beef jerky        |       |       |       |     1 ||     1
Armor: Robe              |     9 |    10 |    17 |    16 ||    52
Dodge: Dodged            |    39 |    66 |   103 |    48 ||   256
